 Dungeon Crawl Stone Soup version 0.30-a0-622-gddc90eaa04 (webtiles) character file.

Game seed: 6497332363113008779

200 Leeroy the Sneak (level 6, -1/32 HPs)
             Began as a Kobold Enchanter on Jan 10, 2023.
             Slain by a hound (2 damage)
             ... on level 4 of the Dungeon.
             The game lasted 00:04:22 (2225 turns).

Leeroy the Sneak (Kobold Enchanter)                 Turns: 2225, Time: 00:04:23

Health: -1/32      AC:  2    Str:  5    XL:     6   Next: 6%
Magic:  1/9        EV: 15    Int: 17    God:
Gold:   202        SH:  0    Dex: 17    Spells: 1/9 levels left

rFire   . . .      SeeInvis .    i - +1 dagger (drain)
rCold   . . .      Faith    .    (no shield)
rNeg    . . .      Spirit   .    b - +0 robe
rPois   .          Reflect  .    (no helmet)
rElec   .          Harm     .    (no cloak)
rCorr   .          Rampage  .    (no gloves)
Will    +....                    (no boots)
Stlth   ++++                     (no amulet)
HPRegen 0.25/turn                n - ring of willpower
MPRegen 0.11/turn                (no ring)

@: confusing by touch
A: small, no large weapons, nightstalker 3
a: no special abilities


You were on level 4 of the Dungeon.
You visited 1 branch of the dungeon, and saw 4 of its levels.

You collected 202 gold pieces.

Inventory:

Hand Weapons
 a - a +1 dagger
 i - a +1 dagger of draining (weapon)
 m - a +2 short sword of flaming
Missiles
 j - 3 poisoned darts (quivered)
 s - 5 curare-tipped darts
Armour
 b - a +0 robe (worn)
Jewellery
 n - a ring of willpower (left hand)
Scrolls
 d - 4 scrolls of identify {unknown}
 f - 2 scrolls of torment {unknown}
 g - 2 scrolls of teleportation {unknown}
 h - 2 scrolls of fear {unknown}
 k - a scroll of amnesia {unknown}
 l - a scroll of blinking {unknown}
 r - a scroll of immolation {unknown}
Potions
 c - a potion of invisibility
 e - a potion of brilliance {unknown}
 o - a potion of haste {unknown}
 p - 2 potions of heal wounds
 q - a potion of mutation {unknown}
 t - a potion of flight {unknown}


   Skills:
 - Level 1.3 Short Blades
 - Level 2.4 Dodging
 - Level 6.0 Stealth
 - Level 2.1 Spellcasting
 + Level 5.4 Hexes


You had one spell level left.
You knew the following spells:

 Your Spells              Type           Power      Damage    Failure   Level
a - Ensorcelled Hibernat  Hex/Ice        22%        N/A       10%         2
b - Confusing Touch       Hex            20%        N/A       6%          3
c - Dazzling Flash        Conj/Hex       22%        N/A       19%         3

Your spell library contained the following spells:

 Spells                   Type           Power      Damage    Failure   Level
 Tukima's Dance           Hex            20%        N/A       6%          3
 Cigotuvi's Dreadful Rot  Necr/Pois/Air  2%         N/A       28%         2
 Poisonous Vapours        Pois/Air       2%         N/A       28%         2
 Mephitic Cloud           Conj/Pois/Air  1%         N/A       50%         3


Dungeon Overview and Level Annotations

Branches:
Dungeon (4/15)
 Temple: D:4-7

Altars:

Shops:
D:1 :   D:2 *


Innate Abilities, Weirdness & Mutations

You are small and have problems with some larger weapons.
You are completely attuned to the shadows.


Message History

The quokka closely misses you.
You hit the phantom but do no damage.
The phantom appears confused.
The phantom is severely damaged.
The hound closely misses you. The quokka bites you. The phantom hits you.
The hound bites you but does no damage.
You catch the helpless phantom completely off-guard!
You puncture the phantom!
You destroy the phantom!
The quokka barely misses you. The hound barely misses you.
Your Hexes skill increases to level 5!
You have reached level 6!
Unknown command.
Unknown command.
You closely miss the quokka.
The quokka is moderately wounded.
The hound misses you. The quokka closely misses you.
The quokka barely misses you. The hound closely misses you.
Casting: Confusing Touch (dangerous; 6% risk of failure)
Confirm with . or Enter, or press ? or * to list all spells.
Your hands begin to glow red.
The hound bites you. The quokka barely misses you.
You barely miss the quokka.
The quokka is moderately wounded.
The hound bites you. The quokka bites you. The hound barely misses you.
You hit the hound but do no damage. The quokka closely misses you.
The hound bites you.
* * * LOW HITPOINT WARNING * * *
You hit the hound but do no damage. The hound closely misses you.
The quokka closely misses you.
You barely miss the hound. The hound completely misses you.
The quokka bites you.
* * * LOW HITPOINT WARNING * * *
The hound closely misses you.
You closely miss the hound. The quokka bites you.
* * * LOW HITPOINT WARNING * * *
The hound barely misses you. The quokka barely misses you.
You closely miss the hound. The hound bites you.
* * * LOW HITPOINT WARNING * * *
The hound bites you.
You die...

....
#+#####.....
.............
#.............
#.............
#......##.h...
#......##@r...
#......##.....
###.##########
###.## #....#
#....# #..<.#
#....# ######


You could see a hound and a quokka.

Vanquished Creatures
  A phantom (D:4)
  Ijyb (D:2)
  3 adders (D:3)
  A worm (D:2)
  3 dart slugs
  5 orcs (D:3)
  5 bats
  2 endoplasms
  2 giant cockroaches
  5 hobgoblins
  3 jackals (D:1)
  5 quokkas
  6 ball pythons
  2 frilled lizards
  3 goblins (D:1)
  5 kobolds
  6 rats
58 creatures vanquished.

Notes
Turn   | Place    | Note
-------+----------+-------------------------------------------
     0 | D:1      | Leeroy the Kobold Enchanter began the quest for the Orb.
     0 | D:1      | Reached XP level 1. HP: 10/10 MP: 3/3
   140 | D:1      | Reached XP level 2. HP: 15/15 MP: 5/5
   207 | D:1      | Reached skill level 5 in Stealth
   561 | D:1      | Reached XP level 3. HP: 13/18 MP: 6/6
   795 | D:1      | Found Akuoqamp's Book Boutique.
   947 | D:2      | Reached skill level 6 in Stealth
  1039 | D:2      | Found Midy's Assorted Antiques.
  1495 | D:2      | Reached XP level 4. HP: 24/24 MP: 7/7
  1662 | D:3      | Noticed Ijyb
  1674 | D:2      | Killed Ijyb
  1679 | D:3      | Found a faded altar of an unknown god.
  1800 | D:3      | Reached XP level 5. HP: 28/28 MP: 8/8
  2086 | D:3      | Learned a level 2 spell: Ensorcelled Hibernation
  2090 | D:3      | Learned a level 3 spell: Confusing Touch
  2094 | D:3      | Learned a level 3 spell: Dazzling Flash
  2200 | D:4      | Noticed a phantom
  2217 | D:4      | Killed a phantom
  2218 | D:4      | Reached skill level 5 in Hexes
  2218 | D:4      | Reached XP level 6. HP: 22/32 MP: 3/9
  2225 | D:4      | HP: 1/32 [hound (4)]
  2225 | D:4      | Slain by a hound

Illustrated notes

Levels and vault maps discovered:
D:1:      dpeg_arrival_tiny_d, layout_basic, serial_shops,
          nicolae_shop_competitors_out_of_business, skrybe_limestone_x
D:2:      layout_loops_ring, serial_shops, nicolae_shop_advertising_works
          [nicolae_subvault_shop_adworks]
D:3:      layout_rooms, ebering_ecumenical_altar_abandoned, uniq_ijyb
D:4:      layout_basic, mainiacjoe_overflow_alcove_4, st_stairs_8

Skill      XL: |  1  2  3  4  5 |
---------------+----------------+-----
Stealth        | 5 6 |  6.0
Hexes          | 4 5 |  5.4
Short Blades   | |  1.3
Dodging        | |  2.4
Spellcasting   | |  2.1

Action                   |  1- 3 |  4- 6 || total
-------------------------+-------+-------++-------
Melee: Dagger            |   112 |    64 ||   176
 Cast: Confusing Touch   |       |     2 ||     2
       Dazzling Flash    |       |     1 ||     1
  Use: Potion            |       |     2 ||     2
 Stab: Sleeping          |    13 |    12 ||    25
       Distracted        |     1 |       ||     1
       Invisible         |       |     3 ||     3
       Confused          |       |     1 ||     1
Armor: Robe              |    11 |    11 ||    22
Dodge: Dodged            |    70 |    55 ||   125

Table legend: (Time is in decaauts)
 A = Elapsed time spent in this place.
 B = Non-inter-level travel time spent in this place.
 C = Inter-level travel time spent in this place.
 D = Time resting spent in this place.
 E = Time spent auto-exploring this place.
 F = Levels seen in this place.
 G = Mean time per level.
                   A        B        C        D        E       F      G
               +--------+--------+--------+--------+--------+-----+--------+
         Total |   2214 |   2137 |     77 |      0 |   1699 |   4 |  553.5 |
       Dungeon |   2214 |   2137 |     77 |      0 |   1699 |   4 |  553.5 |
               +--------+--------+--------+--------+--------+-----+--------+

Top non-repeatable levels by time:
     D:1: 875 daAuts
     D:2: 788 daAuts
     D:3: 514 daAuts
     D:4: 35 daAuts
